 Dungeon Crawl Stone Soup version 0.21.1-1-g345015f (webtiles) character file.

41569 HammerPanzer the Bludgeoner (level 13, -7/112 HPs)
             Began as a Demonspawn Berserker on Apr 3, 2018.
             Was a High Priest of Trog.
             Mangled by a red ugly thing (22 damage)
             ... on level 15 of the Dungeon.
             The game lasted 00:48:20 (13999 turns).

HammerPanzer the Bludgeoner (Demonspawn Berserker) Turns: 13999, Time: 00:48:22

Health: -7/112     AC: 25    Str: 18    XL:     13   Next: 80%
Magic:  0/13       EV:  6    Int: 11    God:    Trog [*****.]
Gold:   1758       SH:  5    Dex: 33    Spells: 12/12 levels left

rFire    x . .     SeeInvis .   Q - +7 dire flail of Tiyr {crush, rF- Int+2 Dex+6}
rCold    + . .     Gourm    .   (shield currently unavailable)
rNeg     . . .     Faith    .   K - +9 plate armour of the Eight Boll Weevils {Str-4 Dex+8 Stlth+}
rPois    .         Spirit   +   N - +0 helmet
rElec    .         Reflect  +   q - +1 cloak
rCorr    .         Harm     .   l - +1 pair of gloves
MR       +....                  (no boots)
Stlth    ..........             E - +5 amulet of reflection
HPRegen  1.28/turn              C - ring of protection from magic
MPRegen  0.13/turn              k - ring of protection from cold

@: berserk cooldown, slowed, very slow
A: hooves 2, thin skeletal structure 3, powered by death 2, magic shield
a: Berserk, Trog's Hand, Brothers in Arms, Burn Spellbooks, Renounce Religion


You were on level 15 of the Dungeon.
You worshipped Trog.
Trog was extremely pleased with you.
You were very hungry.

You visited 1 branch of the dungeon, and saw 15 of its levels.
You also visited: Labyrinth and Sewer.

You collected 1758 gold pieces.

Inventory:

Hand Weapons
 o - a +4 dire flail of draining
 B - a +0 morningstar of protection
 Q - the +7 dire flail of Tiyr (weapon) {crush, rF- Int+2 Dex+6}
   (Trog gifted it to you on level 14 of the Dungeon)

   It inflicts extra damage upon your enemies.
   It affects your intelligence (+2).
   It affects your dexterity (+6).
   It makes you vulnerable to fire.
Missiles
 p - 2 steel javelins (quivered)
Armour
 j - a +1 hat
 l - a +1 pair of gloves (worn)
 q - a +1 cloak (worn)
 K - the +9 plate armour of the Eight Boll Weevils (worn) {Str-4 Dex+8 Stlth+}
   (You took it off a minotaur in a labyrinth)

   It affects your strength (-4).
   It affects your dexterity (+8).
   It makes you more stealthy.
 M - a +0 shield of reflection
 N - a +0 helmet (worn)
 S - the +3 warlock's mirror {reflect}
   (You found it on level 14 of the Dungeon)
Jewellery
 k - a ring of protection from cold (right hand)
 s - an uncursed amulet of regeneration
 C - a ring of protection from magic (left hand)
 E - a +5 amulet of reflection (around neck)
Wands
 h - a wand of polymorph (10)
 i - a wand of clouds (4)
 r - a wand of acid (15)
 y - a wand of random effects (60)
 G - a wand of digging (14)
 H - a wand of enslavement (6)
 I - a wand of iceblast (10)
 L - a wand of paralysis (17)
Scrolls
 e - 3 scrolls of remove curse
 f - 4 scrolls of fog
 g - 11 scrolls of teleportation
 x - 2 scrolls of fear
 z - 4 scrolls of enchant armour
 F - 4 scrolls of identify
 J - a scroll of magic mapping
 O - a scroll of summoning
Potions
 a - 4 potions of heal wounds
 b - 10 potions of curing
 d - a potion of resistance
 m - 3 potions of haste
 n - 7 potions of brilliance
 u - 4 potions of agility
 v - 2 potions of invisibility
 w - a potion of ambrosia
 A - 2 potions of cancellation
Comestibles
 c - 28 rations


   Skills:
 + Level 13.9 Fighting
 * Level 17.2 Maces & Flails
 - Level 1.7 Armour
 - Level 1.7 Dodging


You had 12 spell levels left.
You didn't know any spells.

Dungeon Overview and Level Annotations

Branches:
Dungeon (15/15)            Temple (0/1) D:5            Lair (0/6) D:10
    Orc (0/2) D:9          Vaults (0/5) D:14
 Depths: D:15

Altars:
Fedhas
Kikubaaqudgha
Trog
Vehumet
Wu Jian
Yredelemnul
The Shining One

Shops:
D:7 %   D:12 *


Innate Abilities, Weirdness & Mutations

You have hoof-like feet.
You have an unnaturally thin skeletal structure. (Dex +6, Stealth++)
You regenerate health from kills.
When hurt, damage is shared between your health and your magic reserves.


Message History

You kill the green ugly thing!
Trog accepts your kill.
You thump the red ugly thing! You kick the red ugly thing.
The red ugly thing is moderately wounded.
The red ugly thing tail-slaps you but does no damage.
You impale the red ugly thing!! You kick the red ugly thing!
The red ugly thing is severely wounded.
The red ugly thing tail-slaps you but does no damage.
You closely miss the red ugly thing. Your kick misses the red ugly thing.
The red ugly thing is severely wounded.
The red ugly thing tail-slaps you.
You are engulfed in flames!!
The fire burns you terribly!
* * * LOW HITPOINT WARNING * * *
You hit the red ugly thing.
You kick the red ugly thing, but do no damage.
The red ugly thing is severely wounded.
The red ugly thing tail-slaps you.
* * * LOW HITPOINT WARNING * * *
You are engulfed in flames!!
The fire burns you terribly!
You die...

.....# ....#####
##.u..... .######....#.#
. ..........u..# ..
#............# #...
#........#.†.# ....
#........#.))#####..#...
#......#.##.)Yu@).......
##.(......##.#########...
.........###.# #.†...<..#
#.# ...†.....# ###
########.# # #.# #.# ###


You could see a red ugly thing and an ice beast.

Vanquished Creatures
  A frost giant (D:12)
  Nessos (D:13)
  A minotaur (Lab)
  A yaktaur captain (D:14)
  2 hydras (D:14)
  A death knight (D:15)
  7 two-headed ogres
  Erica (D:10)
  A tengu warrior (D:14)
  Sonja (D:15)
  3 unseen horrors
  12 wizards
  A deep elf mage (D:11)
  Pikel (D:8)
  An orc knight (D:15)
  4 ugly things
  A wolf spider zombie (D:11)
  A cyclops (D:13)
  A manticore (D:14)
  A centaur zombie (D:14)
  2 yaktaurs (D:14)
  2 freezing wraiths (D:15)
  A yaktaur (shapeshifter) (D:14)
  7 trolls
  5 slime creatures (D:10)
  A spriggan (D:9)
  2 wyverns
  A wraith (D:15)
  20 yaks
  Grum (D:10)
  A hungry ghost (D:11)
  4 vampire mosquitoes (D:15)
  2 wargs (D:9)
  An acid dragon (shapeshifter) (D:15)
  2 water moccasins
  2 hell hounds (D:10)
  3 ice beasts
  7 phantoms
  2 black bears
  8 orc warriors
  3 eyes of draining (D:11)
  A necrophage (D:8)
  5 ogres
  2 wolves (D:10)
  20 centaurs
  2 sky beasts
  6 big kobolds
  7 bullfrogs
  A wyvern zombie (D:10)
  5 scorpions
  4 wyvern skeletons
  15 killer bees
  A howler monkey (D:12)
  2 electric eels (D:12)
  5 crimson imps
  4 bullfrog zombies
  3 bullfrog skeletons
  5 jellies
  4 hounds
  15 orc wizards
  9 orc priests
  Crazy Yiuf (D:3)
  3 centaur skeletons
  2 iguanas
  12 worker ants
  A killer bee zombie (D:8)
  A hound zombie (D:5)
  A hound skeleton (D:9)
  A worker ant zombie (D:10)
  A howler monkey skeleton (D:11)
  9 gnolls
  A river rat (D:6)
  12 adders
  A shadow imp (D:12)
  An ooze (D:1)
  An adder skeleton (D:8)
  3 worms
  8 leopard geckos
  71 orcs
  8 bats
  9 giant cockroaches
  15 goblins
  7 hobgoblins
  12 jackals
  9 quokkas
  7 ball pythons
  5 frilled lizards
  A giant cockroach zombie (D:5)
  A jackal skeleton (D:4)
  34 kobolds
  2 leopard gecko skeletons
  A quokka skeleton (D:7)
  A quokka zombie (D:8)
  12 rats
  A fungus (D:3)
491 creatures vanquished.

Vanquished Creatures (collateral kills)
  A vampire mosquito (D:15)
1 creature vanquished.

Vanquished Creatures (others)
  4 slaves (D:8)
  An orc priest (D:8)
  2 orc wizards
  2 orcs (D:8)
9 creatures vanquished.

Grand Total: 501 creatures vanquished

Notes
Turn   | Place    | Note
-------+----------+-------------------------------------------
     0 | D:1      | HammerPanzer the Demonspawn Berserker began the quest for the Orb.
     0 | D:1      | Reached XP level 1. HP: 18/18 MP: 1/1
   238 | D:1      | Reached skill level 3 in Maces & Flails
   334 | D:1      | Gained mutation: You have a somewhat thin skeletal structure. (Dex +2, Stealth) [demonic ancestry]
   334 | D:1      | Reached XP level 2. HP: 24/24 MP: 2/2
   843 | D:1      | Gained mutation: You have large cloven feet. [demonic ancestry]
   843 | D:1      | Reached XP level 3. HP: 28/29 MP: 3/3
  1460 | D:2      | Reached skill level 4 in Maces & Flails
  1460 | D:2      | Reached XP level 4. HP: 24/37 MP: 4/4
  1772 | D:2      | Reached ** piety under Trog
  1886 | D:2      | Gained mutation: You regenerate a little health from kills. [demonic ancestry]
  1886 | D:2      | Reached XP level 5. HP: 40/42 MP: 5/5
  2821 | D:3      | Reached skill level 5 in Maces & Flails
  2882 | D:3      | Reached *** piety under Trog
  2898 | D:3      | Gained mutation: You regenerate health from kills. [demonic ancestry]
  2898 | D:3      | Reached XP level 6. HP: 49/49 MP: 6/6
  3019 | D:3      | Received a gift from Trog
  3337 | D:3      | Found a runed door.
  3342 | D:3      | Noticed Crazy Yiuf
  3346 | D:3      | Killed Crazy Yiuf
  4036 | D:5      | Entered Level 5 of the Dungeon
  4129 | D:5      | Noticed a troll
  4135 | D:5      | Reached skill level 5 in Fighting
  4135 | D:5      | Reached skill level 6 in Maces & Flails
  4140 | D:5      | Killed a troll
  4140 | D:5      | Gained mutation: You have a moderately thin skeletal structure. (Dex +4, Stealth+) [demonic ancestry]
  4140 | D:5      | Reached XP level 7. HP: 23/56 MP: 7/7
  4255 | D:5      | Reached skill level 7 in Maces & Flails
  4264 | D:5      | Found a staircase to the Ecumenical Temple.
  4476 | D:5      | Reached XP level 8. HP: 60/64 MP: 8/8
  4878 | D:5      | Reached skill level 8 in Maces & Flails
  5273 | D:6      | Found a radiant altar of Vehumet.
  5290 | D:6      | Found an ancient bone altar of Kikubaaqudgha.
  5298 | D:6      | Found a glowing golden altar of the Shining One.
  5300 | D:6      | Found a bloodstained altar of Trog.
  5300 | D:6      | Found an ornate altar of the Wu Jian Council.
  5501 | D:6      | Reached **** piety under Trog
  5514 | D:6      | Found a glowing drain.
  5520 | Sewer    | Entered a sewer
  5783 | Sewer    | Reached skill level 9 in Maces & Flails
  5997 | D:6      | Found a basalt altar of Yredelemnul.
  6264 | D:6      | Reached XP level 9. HP: 71/72 MP: 9/9
  6806 | D:7      | Found Syluyphu's Food Boutique.
  6898 | D:8      | Reached ***** piety under Trog
  6938 | D:8      | Noticed Pikel
  6947 | D:8      | Killed Pikel
  6947 | D:8      | Reached skill level 10 in Maces & Flails
  6948 | D:8      | Noticed a two-headed ogre
  6995 | D:8      | Killed a two-headed ogre
  7009 | D:8      | Reached skill level 11 in Maces & Flails
  7013 | D:8      | Paralysed by fainting for 12 turns
  7055 | D:8      | Noticed a two-headed ogre
  7064 | D:8      | Killed a two-headed ogre
  7064 | D:8      | Reached XP level 10. HP: 83/83 MP: 10/10
  7433 | D:8      | Received a gift from Trog
  7607 | D:9      | Reached skill level 12 in Maces & Flails
  7762 | D:9      | Reached skill level 10 in Fighting
  7882 | D:9      | Found a staircase to the Orcish Mines.
  8108 | D:9      | Gained mutation: You have hoof-like feet. [demonic ancestry]
  8108 | D:9      | Reached XP level 11. HP: 88/91 MP: 11/11
  8314 | D:10     | Entered Level 10 of the Dungeon
  8440 | D:10     | Found a staircase to the Lair.
  8448 | D:10     | Received a gift from Trog
  8472 | D:10     | Reached skill level 13 in Maces & Flails
  8504 | D:10     | Noticed Erica
  8510 | D:10     | Killed Erica
  8540 | D:10     | Noticed a brown ugly thing
  8554 | D:10     | Killed a brown ugly thing
  8742 | D:10     | Noticed Grum
  8760 | D:10     | Killed Grum
  9648 | D:11     | Received a gift from Trog
  9668 | D:11     | Noticed a green ugly thing
  9674 | D:11     | Killed a green ugly thing
  9875 | D:11     | Noticed a deep elf mage
  9881 | D:11     | Killed a deep elf mage
  9881 | D:11     | Reached skill level 14 in Maces & Flails
 10280 | D:12     | Found a labyrinth entrance.
 10293 | Lab      | Entered a labyrinth
 10445 | Lab      | Noticed a minotaur
 10452 | Lab      | Killed a minotaur
 10452 | Lab      | Gained mutation: You have an unnaturally thin skeletal structure. (Dex +6, Stealth++) [demonic ancestry]
 10452 | Lab      | Reached XP level 12. HP: 101/101 MP: 12/12
 10457 | Lab      | Got an ancient plate armour
 10472 | Lab      | Identified the +9 plate armour of the Eight Boll Weevils {Str-4 Dex+8 Stlth+} (You took it off a minotaur in a labyrinth)
 10473 | Lab      | Identified the Compendium of Clay and Weightlessness
 10484 | D:12     | Identified a scroll of acquirement
 10789 | D:12     | Found Tail's General Store.
 11090 | D:12     | Noticed a frost giant
 11501 | D:12     | Killed a frost giant
 11501 | D:12     | Reached skill level 15 in Maces & Flails
 11782 | D:13     | Found a blossoming altar of Fedhas.
 11860 | D:13     | Noticed Nessos
 11877 | D:13     | Killed Nessos
 11887 | D:13     | Received a gift from Trog
 12242 | D:13     | Noticed a two-headed ogre
 12253 | D:13     | Killed a two-headed ogre
 12748 | D:14     | Noticed a four-headed hydra
 12754 | D:14     | Killed a four-headed hydra
 12828 | D:14     | Noticed a tengu warrior
 12835 | D:14     | Killed a tengu warrior
 12955 | D:14     | Gained mutation: When hurt, damage is shared between your health and your magic reserves. [demonic ancestry]
 12955 | D:14     | Reached XP level 13. HP: 109/109 MP: 13/13
 12977 | D:14     | Reached skill level 16 in Maces & Flails
 13009 | D:14     | Found the +3 warlock's mirror {reflect}
 13011 | D:14     | Received a gift from Trog
 13014 | D:14     | Got a bloodstained dire flail {god gift}
 13031 | D:14     | Identified the +7 dire flail of Tiyr {crush, rF- Int+2 Dex+6} (Trog gifted it to you on level 14 of the Dungeon)
 13801 | D:14     | Found a gate to the Vaults.
 13878 | D:15     | Entered Level 15 of the Dungeon
 13921 | D:15     | Noticed Sonja
 13945 | D:15     | Killed Sonja
 13956 | D:15     | Reached skill level 17 in Maces & Flails
 13999 | D:15     | Mangled by a red ugly thing

Skill      XL: |  1  2  3  4  5  6  7  8  9 10 11 12 13 |
---------------+----------------------------------------+-----
Maces & Flails | 3 4 5 6 7 9 11 12 14 15 17 | 17.2
Fighting       | 4 5 6 7 9 10 11 12 13 | 13.9
Armour         | |  1.7
Dodging        | |  1.7

Action                   |  1- 3 |  4- 6 |  7- 9 | 10-12 | 13-15 || total
-------------------------+-------+-------+-------+-------+-------++-------
Melee: Mace              |    62 |       |       |       |       ||    62
       Flail             |    15 |   174 |   354 |       |       ||   543
       Kick              |     6 |    48 |    98 |   259 |    96 ||   507
       Great mace        |       |       |       |   153 |       ||   153
       Morningstar       |       |       |       |    45 |       ||    45
       Dire flail        |       |       |       |   463 |   152 ||   615
Invok: Berserk           |     1 |     4 |     4 |     9 |     3 ||    21
       Burn Spellbooks   |       |       |     3 |     1 |     1 ||     5
Evoke: Box of beasts     |       |       |       |       |     1 ||     1
  Use: Scroll            |       |    10 |     8 |    12 |     3 ||    33
       Potion            |       |       |     2 |     5 |     3 ||    10
 Stab: Sleeping          |     3 |       |       |       |       ||     3
       Distracted        |       |       |       |       |     1 ||     1
  Eat: Chunk             |     3 |    11 |    11 |    30 |     5 ||    60
       Ration            |       |       |     1 |       |       ||     1
Armor: Animal skin       |     5 |       |       |       |       ||     5
       Ring mail         |     4 |    44 |       |       |       ||    48
       Scale mail        |       |    19 |   204 |   107 |       ||   330
       Plate armour      |       |       |       |   171 |    81 ||   252
Dodge: Dodged            |    47 |    87 |    95 |   207 |    25 ||   461
Block: Shield            |       |    14 |   156 |    21 |       ||   191
       Other             |       |       |       |    87 |    24 ||   111
       Reflection        |       |       |       |    13 |       ||    13
